 Dungeon Crawl Stone Soup version 0.24-a0-447-ge8da9206dc (webtiles) character file.

Game seed: 10085989076354788053

161 KristoblXynda the Ducker (level 5, 0/28 HPs)
             Began as a Spriggan Berserker on June 25, 2019.
             Was a Believer of Trog.
             Slain by an ice beast (13 damage)
             ... on level 3 of the Dungeon.
             The game lasted 00:02:48 (2537 turns).

KristoblXynda the Ducker (Spriggan Berserker)       Turns: 2537, Time: 00:02:48

Health: 0/28       AC:  3    Str: 14    XL:     5   Next: 19%
Magic:  6/6        EV: 21    Int:  9    God:    Trog [**....]
Gold:   71         SH:  0    Dex: 15    Spells: 4/4 levels left

rFire    . . .     SeeInvis +   m - +0 dagger
rCold    . . .     Gourm    .   (shield restricted)
rNeg     . . .     Faith    .   b - +0 animal skin
rPois    .         Spirit   .   (helmet restricted)
rElec    .         Reflect  .   d - +0 cloak
rCorr    .         Harm     .   (gloves unavailable)
MR       .....                  (boots unavailable)
Stlth    +++.......             (no amulet)
HPRegen  0.09/turn              (no ring)
MPRegen  0.10/turn              (no ring)

@: very quick
A: very small, unfitting armour, see invisible, herbivore, speed 3, slow
metabolism 2
a: Berserk, Trog's Hand, Renounce Religion


You were on level 3 of the Dungeon.
You worshipped Trog.
Trog was pleased with you.
You were hungry.

You visited 1 branch of the dungeon, and saw 3 of its levels.

You collected 71 gold pieces.

Inventory:

Hand Weapons
 m - a +0 dagger (weapon)
Armour
 b - a +0 animal skin (worn)
 d - a +0 cloak (worn)
Scrolls
 e - a scroll of blinking {unknown}
 f - 2 scrolls of teleportation {unknown}
 g - 2 scrolls of enchant weapon {unknown}
 i - a scroll of identify {unknown}
 k - a scroll of magic mapping {unknown}
 o - a scroll of random uselessness {unknown}
Potions
 a - a potion of brilliance {unknown}
 h - a potion of heal wounds {unknown}
 j - 2 potions of ambrosia {unknown}
 l - a potion of might {unknown}
 n - a potion of agility {unknown}
Comestibles
 c - 6 rations


   Skills:
 + Level 3.2 Fighting
 + Level 4.3 Short Blades
 + Level 5.7 Dodging
 + Level 3.7 Stealth


You had 4 spell levels left.
You didn't know any spells.
Your spell library was empty.

Dungeon Overview and Level Annotations

Branches:
Dungeon (3/15)

Altars:


Innate Abilities, Weirdness & Mutations

You are very small and have problems with some larger weapons.
You are too small for most types of armour.
You have supernaturally acute eyesight. (SInv)
You are a herbivore.
You cover ground extremely quickly.
You need to consume almost no food.


Message History

The helpless ice beast fails to defend itself.
You impale the ice beast!!
The ice beast is almost dead.
The ice beast hits you. The ice beast freezes you!
You hit the ice beast.
The ice beast is almost dead.
The ice beast completely misses you.
You hit the ice beast but do no damage.
The ice beast is almost dead.
The ice beast misses you.
You hit the ice beast but do no damage.
The ice beast is almost dead.
You barely miss the ice beast.
The ice beast is almost dead.
The ice beast barely misses you.
You hit the ice beast.
The ice beast is almost dead.
The ice beast misses you. The ice beast hits you. The ice beast freezes you!
You die...

#.# #.## ... ##
#..# #.##.##..#
#.....#.#
##.....#>##
##.........######
#......†...<....#
##.........####.#
##.....#@#####.##
#....[..Y.......
#.#$#...........
.......#.###.r.#.
###.#####.# ..#
#. #.# .# . ..# #
... ###


You could see an ice beast and a quokka (sleeping).

Vanquished Creatures
  An ice beast (D:2)
  3 adders (D:2)
  2 dart slugs (D:1)
  2 ball pythons
  4 bats
  3 giant cockroaches
  6 hobgoblins
  6 kobolds
  A quokka (D:2)
  5 frilled lizards
  8 goblins
  7 rats
48 creatures vanquished.

Notes
Turn   | Place    | Note
-------+----------+-------------------------------------------
     0 | D:1      | KristoblXynda the Spriggan Berserker began the quest for
                  | the Orb.
     0 | D:1      | Reached XP level 1. HP: 11/11 MP: 2/2
     6 | D:1      | Noticed a wolf
     6 | D:1      | Noticed a swamp worm
     6 | D:1      | Noticed an anaconda
     6 | D:1      | Noticed an iguana
   236 | D:1      | Reached skill level 1 in Stealth
   255 | D:1      | Reached XP level 2. HP: 15/16 MP: 3/3
  1099 | D:2      | Reached skill level 5 in Dodging
  1099 | D:2      | Reached XP level 3. HP: 19/19 MP: 4/4
  1356 | D:2      | Reached ** piety under Trog
  1977 | D:2      | Reached XP level 4. HP: 23/23 MP: 5/5
  2111 | D:2      | Noticed an ice beast
  2128 | D:2      | Killed an ice beast
  2128 | D:2      | Reached XP level 5. HP: 28/28 MP: 6/6
  2523 | D:3      | Noticed an ice beast
  2537 | D:3      | Slain by an ice beast

Levels and vault maps discovered:
D:1:      onia_arrival_zoo_common, layout_basic
D:2:      layout_loops_corners
D:3:      layout_loops_ring, grunt_qazlal_sundering,
          chequers_temple_overflow_minitemple, tso_altar, lemuel_doored_altar,
          first_ration, gammafunk_ghost_arena

Skill      XL: |  1  2  3  4 |
---------------+-------------+-----
Stealth        | 1 2 3 |  3.7
Dodging        | 5 |  5.7
Fighting       | 3 |  3.2
Short Blades   | 4 |  4.3

Action                   |  1- 3 |  4- 6 || total
-------------------------+-------+-------++-------
Melee: Short sword       |   100 |       ||   100
       Dagger            |    64 |    43 ||   107
Invok: Berserk           |     2 |     1 ||     3
 Stab: Sleeping          |     9 |     1 ||    10
       Distracted        |     1 |       ||     1
  Eat: Ration            |       |     1 ||     1
Armor: Animal skin       |    12 |     5 ||    17
Dodge: Dodged            |   116 |    21 ||   137

Table legend:
 A = Non-vault XP
 B = Vault XP
 C = Vault XP percentage of total XP
 D = Non-vault monster count
 E = Vault monster count
 F = Vault count percentage of total count
                 A         B        C        D         E       F
            +---------+---------+-------+---------+---------+-------
      Total |     231 |       0 |   0.0 |      48 |       0 |   0.0
            +---------+---------+-------+---------+---------+-------
        D:1 |      36 |       0 |   0.0 |      22 |       0 |   0.0
        D:2 |     194 |       0 |   0.0 |      25 |       0 |   0.0
        D:3 |       1 |       0 |   0.0 |       1 |       0 |   0.0
            +---------+---------+-------+---------+---------+-------
